 Dungeon Crawl Stone Soup version 0.24-a0-139-geb6712d (webtiles) character file.

Game seed: 15379715073128327903

441 Kurtz the Cudgeler (level 6, -3/47 HPs)
             Began as a Mummy Chaos Knight on Mar 3, 2019.
             Was a Plaything of Xom.
             Slain by Prince Ribbit (10 damage)
             ... on level 5 of the Dungeon.
             The game lasted 00:03:32 (3862 turns).

Kurtz the Cudgeler (Mummy Chaos Knight)             Turns: 3862, Time: 00:03:33

Health: -3/47      AC: 10    Str: 17    XL:     6   Next: 70%
Magic:  6/6        EV:  5    Int: 11    God:    Xom [.*....]
Gold:   112        SH:  0    Dex: 12    Spells: 5/5 levels left

rFire    x . .     SeeInvis .   a - +1 mace (chaos)
rCold    + . .     Gourm    .   (no shield)
rNeg     + + +     Faith    .   d - +0 plate armour
rPois    ∞         Spirit   .   (no helmet)
rElec    .         Reflect  .   (no cloak)
rCorr    .         Harm     +   (no gloves)
MR       .....                  (no boots)
Stlth    ..........             i - amulet of harm
HPRegen  0.15/turn              (no ring)
MPRegen  0.10/turn              (no ring)

@: no status effects
A: no food or potions, fire vulnerability, cold resistance 1, negative energy
resistance 3, torment resistance, unbreathing
a: Renounce Religion


You were on level 5 of the Dungeon.
You worshipped Xom.
You were a plaything of Xom.
You were not hungry.

You visited 1 branch of the dungeon, and saw 5 of its levels.

You collected 112 gold pieces.

Inventory:

Hand Weapons
 a - a +1 mace of chaos (weapon)
Missiles
 c - 7 tomahawks
 f - 2 poisoned tomahawks (quivered)
Armour
 b - a +2 leather armour
 d - a +0 plate armour (worn)
Magical Staves
 e - an uncursed staff of poison {unknown}
Jewellery
 g - an uncursed ring of ice
 i - an amulet of harm (around neck)
Scrolls
 h - a scroll of fog
 j - a scroll of remove curse


   Skills:
 - Level 3.0 Fighting
 * Level 6.4 Maces & Flails
 - Level 1.5 Armour
 - Level 0.7 Dodging


You had 5 spell levels left.
You didn't know any spells.
Your spell library was empty.

Dungeon Overview and Level Annotations

Branches:
Dungeon (5/15)
 Temple: D:4-7

Altars:
Nemelex Xobeh

Annotations:
D:5 Prince Ribbit


Innate Abilities, Weirdness & Mutations

You do not eat or drink.
Your flesh is vulnerable to fire.
You are immune to poison.
Your flesh is cold resistant. (rC+)
You are immune to negative energy. (rN+++)
You are immune to unholy pain and torment.
You can survive without breathing.


Message History

Prince Ribbit catches a butterfly with his tongue.
Prince Ribbit hits you.
You sock Prince Ribbit!
Prince Ribbit seems to speed up.
Prince Ribbit is severely wounded.
Prince Ribbit hits you!
Prince Ribbit hits you but does no damage.
You miss Prince Ribbit.
Prince Ribbit is severely wounded.
Prince Ribbit hits you.
Prince Ribbit hits you but does no damage. x2
You miss Prince Ribbit.
Prince Ribbit is severely wounded.
Prince Ribbit hits you but does no damage.
Prince Ribbit hits you!
* * * LOW HITPOINT WARNING * * *
You miss Prince Ribbit.
Prince Ribbit is severely wounded.
Prince Ribbit hits you!
You die...
Xom chuckles heartily!

## ### #. #..
.. # #.# .#
#.###.##.#
#........##
###...<....#
#(.....F@.#.#
#.##.##.#.# #
#.#.# ..#.#
.###.# .. .#
.. .. ##. ..


You could see Prince Ribbit.

Vanquished Creatures
  A phantom (D:4)
  A scorpion (D:4)
  3 orc priests
  Jessica (D:3)
  A worker ant (D:3)
  3 gnolls (D:2)
  6 adders
  An ooze (D:2)
  An adder skeleton (D:4)
  A worm (D:4)
  2 dart slugs
  3 leopard geckos
  14 orcs
  3 bats
  3 giant cockroaches
  4 goblins
  A hobgoblin (D:1)
  2 jackals (D:3)
  3 kobolds (D:2)
  3 quokkas (D:3)
  2 frilled lizards
  A jackal skeleton (D:4)
  5 rats (D:3)
65 creatures vanquished.

Vanquished Creatures (collateral kills)
  2 jackals (D:3)
2 creatures vanquished.

Vanquished Creatures (others)
  A leopard gecko (D:3)
1 creature vanquished.

Grand Total: 68 creatures vanquished

Notes
Turn   | Place    | Note
-------+----------+-------------------------------------------
     0 | D:1      | Kurtz the Mummy Chaos Knight began the quest for the Orb.
     0 | D:1      | Reached XP level 1. HP: 18/18 MP: 1/1
     3 | D:1      | XOM: divination: magic mapping
   231 | D:1      | You fall through a shaft!
   319 | D:2      | XOM: potion effect (brilliance)
   322 | D:2      | Reached skill level 3 in Maces & Flails
   322 | D:2      | Reached XP level 2. HP: 24/24 MP: 2/2
   458 | D:2      | XOM: cast spell 'Disjunction'
   473 | D:2      | Reached XP level 3. HP: 10/29 MP: 3/3
   848 | D:2      | Reached skill level 4 in Maces & Flails
  1017 | D:2      | Reached XP level 4. HP: 34/35 MP: 4/4
  1390 | D:2      | XOM: cloud trail
  1523 | D:2      | XOM: god gift: long glowing staff {god gift}
  1665 | D:3      | Found a sparkling altar of Nemelex Xobeh.
  1757 | D:3      | Noticed Jessica
  1761 | D:3      | XOM: summons 2 friendly demons
  1764 | D:3      | Killed Jessica
  1834 | D:3      | Reached XP level 5. HP: 16/41 MP: 5/5
  1952 | D:3      | XOM: 3-stop teleportation journey
  2133 | D:3      | Reached skill level 5 in Maces & Flails
  2330 | D:4      | XOM: confuse monster(s)
  2444 | D:3      | XOM: summons 2 hostile demons
  2522 | D:3      | XOM is BORED!
  2522 | D:3      | XOM: summons 2 hostile demons
  2523 | D:3      | Noticed an ice devil
  2924 | D:4      | XOM: 2-stop teleportation journey
  2942 | D:4      | Noticed a phantom
  2950 | D:4      | XOM: summons 5 friendly demons
  3027 | D:3      | XOM: divination: detect creatures
  3281 | D:3      | XOM: harmless Conj miscast
  3283 | D:3      | XOM: enchant monster (good)
  3311 | D:4      | XOM: 1-stop teleportation journey
  3333 | D:4      | Killed a phantom
  3333 | D:4      | Reached XP level 6. HP: 40/47 MP: 6/6
  3423 | D:4      | XOM: mild Tloc miscast
  3427 | D:4      | XOM: confuse monster(s)
  3441 | D:4      | Reached skill level 6 in Maces & Flails
  3447 | D:4      | XOM: harmless Pois miscast
  3450 | D:4      | XOM: harmless Conj miscast
  3568 | D:4      | XOM: medium Erth miscast
  3730 | D:4      | XOM: silly message
  3849 | D:5      | Entered Level 5 of the Dungeon
  3849 | D:5      | Noticed Prince Ribbit
  3862 | D:5      | Slain by Prince Ribbit

Levels and vault maps discovered:
D:1:      dpeg_arrival_windows_large_door, layout_basic
D:2:      layout_basic
D:3:      layout_loops_ring, old_standard_altar, first_ration, uniq_jessica
D:4:      layout_rooms
D:5:      layout_loops_corners, evilmike_ruin_ashenzari, uniq_prince_ribbit1,
          uniq_grinder, uniq_edmund

Skill      XL: |  1  2  3  4  5  6 |
---------------+-------------------+-----
Maces & Flails | 3 4 5 6 |  6.4
Fighting       | |  3.0
Armour         | |  1.5
Dodging        | |  0.7

Action                   |  1- 3 |  4- 6 || total
-------------------------+-------+-------++-------
Melee: Mace              |    62 |   216 ||   278
Throw: Tomahawk          |       |     1 ||     1
  Use: Scroll            |     4 |     3 ||     7
 Stab: Paralysed         |       |     2 ||     2
Armor: Leather armour    |    13 |       ||    13
       Plate armour      |    30 |   183 ||   213
Dodge: Dodged            |    35 |    63 ||    98

Table legend:
 A = Non-vault XP
 B = Vault XP
 C = Vault XP percentage of total XP
 D = Non-vault monster count
 E = Vault monster count
 F = Vault count percentage of total count
                 A         B        C        D         E       F
            +---------+---------+-------+---------+---------+-------
      Total |     593 |      37 |   5.9 |      67 |       1 |   1.5
            +---------+---------+-------+---------+---------+-------
        D:1 |       7 |       0 |   0.0 |       4 |       0 |   0.0
        D:2 |      98 |       0 |   0.0 |      17 |       0 |   0.0
        D:3 |     151 |      37 |  19.7 |      28 |       1 |   3.4
        D:4 |     337 |       0 |   0.0 |      18 |       0 |   0.0
            +---------+---------+-------+---------+---------+-------
